[Event "Team 45 45 League T76"]
[Site "Internet Chess Club"]
[Date "2018.03.29"]
[Round "2"]
[White "drsigmund1"]
[Black "fireball"]
[Result "0-1"]
[WhiteElo "1490"]
[BlackElo "1572"]
[Opening "Queen's pawn: London system"]
[ECO "A45"]
[Time "21:01:09"]
[TimeControl "2700+45"]

1. d4 Nf6 2. Bf4 e6 3. e3 d5 4. Nf3 c5 5. c3 c4 6. Nbd2 Nc6 7. Be2 Bd6 8. Ne5
Qc7 9. Ndf3 O-O 10. O-O Nh5 11. Bg3 Nxg3 12. hxg3 Nxe5 13. dxe5 Bxe5 14. Kh2 Bd6
15. Rh1 f6 16. Kg1 g5 17. Qc2 e5 18. Rd1 Be6 19. e4 Rf7 20. exd5 Bd7 21. b3 cxb3
22. axb3 Rc8 23. c4 g4 24. Nh2 f5 25. f3 gxf3 26. Nxf3 Rg7 27. Nh4 Rxg3 28. Nxf5
Bxf5 29. Qxf5 Rf8 30. Qe6+ Kh8 31. Bd3 Qc5+ 32. Kh2 e4 33. Bxe4 Rg6+ 34. Qxd6
{White resigns} 0-1

[Event "Team 45 45 League T76"]
[Site "Internet Chess Club"]
[Date "2018.04.03"]
[Round "2"]
[White "BrerRabbit"]
[Black "Ludlow"]
[Result "1-0"]
[WhiteElo "1467"]
[BlackElo "1364"]
[Opening "Queen's pawn: London system"]
[ECO "A45"]
[Time "10:03:01"]
[TimeControl "2700+45"]

1. d4 Nf6 2. Bf4 d5 3. e3 Bf5 4. c4 c6 5. Nc3 e6 6. Qb3 Qb6 7. c5 Qxb3 8. axb3
Be7 9. Bxb8 Rxb8 10. Rxa7 O-O 11. Nf3 Ne4 12. Be2 Bf6 13. O-O b5 14. Rfa1 Rfc8
15. Nxe4 Bxe4 16. b4 Bxf3 17. Bxf3 g6 18. Rd7 Ra8 19. Raa7 Rxa7 20. Rxa7 Kg7 21.
Kf1 Bd8 22. g3 Rc7 23. Ra6 h6 24. Ke2 f5 25. g4 Kf6 26. h4 g5 27. h5 Be7 28. Kd3
e5 29. dxe5+ Kxe5 30. Ra8 Bf6 31. b3 f4 32. Re8+ Re7 33. Rc8 Re6 34. Rc7 Bd8 35.
Rd7 Bf6 36. e4 dxe4+ 37. Bxe4 Re7 38. Rxe7+ Bxe7 39. Bxc6 Bd8 40. Bxb5 Kd5 41.
Bc4+ Kc6 42. Ke4 Bf6 43. f3 Bc3 44. b5+ Kxc5 45. Kf5 Ba5 46. Kg6 Kd4 47. Kxh6
Ke3 48. Bd5 Bd8 49. Kg6 Kd4 50. Bc6 Kc3 51. h6 Kxb3 52. h7 {Black resigns} 1-0

[Event "Team 45 45 League T76"]
[Site "Internet Chess Club"]
[Date "2018.04.02"]
[Round "2"]
[White "LuFran"]
[Black "bardu"]
[Result "1-0"]
[WhiteElo "1477"]
[BlackElo "1315"]
[Opening "Nimzo-Indian: Kmoch variation"]
[ECO "E20"]
[Time "19:08:04"]
[TimeControl "2700+45"]

1. d4 Nf6 2. c4 e6 3. Nc3 Bb4 4. f3 c5 5. d5 b5 6. e4 bxc4 7. Bxc4 exd5 8. Bxd5
Nxd5 9. Qxd5 Nc6 10. Ne2 Ba6 11. Kf2 O-O 12. Rd1 Ba5 13. Bg5 Qb6 14. Rab1 Rfe8
15. Be3 Nb4 16. Qd6 f5 17. a3 Bxe2 18. Nxe2 Qxd6 19. Rxd6 Nc2 20. Bxc5 Rac8 21.
Bxa7 fxe4 22. Rxd7 Bd8 23. Rc1 Bh4+ 24. g3 Bg5 25. f4 Bf6 26. Rd2 e3+ 27. Bxe3
Nxe3 28. Rxc8 Ng4+ 29. Kf3 Nxh2+ 30. Kg2 Rxc8 31. Kxh2 g5 32. Kg2 gxf4 33. Nxf4
Rc1 34. b3 Ra1 35. a4 Rb1 36. Rd3 Rb2+ 37. Kf3 Kf7 38. Ke4 Bg5 39. a5 Ra2 40. b4
Ra4 41. Rb3 Bd8 42. Kd5 Be7 43. Kc4 Bd6 44. Kb5 Ra1 45. a6 Ke7 46. Kb6 Kd7 47.
Kb7 Bb8 48. Nd5 Kd6 49. Nb6 Rc1 50. Kxb8 Rc6 51. Kb7 Rxb6+ 52. Kxb6 {Black
resigns} 1-0

[Event "Team 45 45 League T76"]
[Site "Internet Chess Club"]
[Date "2018.03.31"]
[Round "2"]
[White "kabindra"]
[Black "az2112"]
[Result "1/2-1/2"]
[WhiteElo "1721"]
[BlackElo "1542"]
[Opening "Sicilian: closed"]
[ECO "B23"]
[Time "12:00:48"]
[TimeControl "2700+45"]

1. e4 c5 2. Nc3 d6 3. f4 Nc6 4. Bc4 e6 5. Nf3 Nf6 6. O-O Be7 7. d3 O-O 8. e5 Nd7
9. exd6 Bxd6 10. Ne4 Be7 11. Be3 b6 12. f5 Nf6 13. fxe6 Bxe6 14. Bxe6 fxe6 15.
Nfg5 Qd7 16. Nxf6+ Bxf6 17. Qg4 Nd4 18. Qe4 g6 19. Rac1 Ne2+ 20. Kh1 Nxc1 21.
Bxc1 e5 22. Nf3 Rae8 23. h4 Qf5 24. Qd5+ Qe6 25. Qe4 Qe7 26. h5 gxh5 27. Re1 Rf7
28. Qc4 Qe6 29. Qe4 Qg4 30. Qd5 Qe6 31. Qe4 Rg7 32. d4 cxd4 33. Nxd4 Qg4 34.
Qd5+ Kh8 35. Bh6 Rg6 36. Bd2 Qxd4 37. Qxd4 exd4 38. Rxe8+ Kg7 39. Rb8 d3 40. c3
Bg5 41. Bxg5 Rxg5 42. Rd8 Rg3 43. Kg1 h4 44. Kf2 Kf6 45. Rd4 Kg5 46. Rd5+ Kg4
47. Rd4+ Kg5 {Game drawn by mutual agreement} 1/2-1/2

[Event "Team 45 45 League T76"]
[Site "Internet Chess Club"]
[Date "2018.03.28"]
[Round "2"]
[White "joaoazm"]
[Black "QuieroAprender"]
[Result "1/2-1/2"]
[WhiteElo "1467"]
[BlackElo "1523"]
[Opening "King's Indian: orthodox, 7...Nbd7, 8.Re1"]
[ECO "E95"]
[Time "21:15:25"]
[TimeControl "2700+45"]

1. d4 Nf6 2. Nf3 d6 3. c4 g6 4. Nc3 Bg7 5. e4 O-O 6. Be2 Nbd7 7. O-O e5 8. Re1
a6 9. dxe5 Nxe5 10. Nxe5 dxe5 11. Qc2 c6 12. Be3 Qc7 13. Na4 Ng4 14. Bb6 Qb8 15.
Bc5 Re8 16. Nb6 Be6 17. Nxa8 Qxa8 18. Red1 {Game drawn by mutual agreement}
1/2-1/2

[Event "Team 45 45 League T76"]
[Site "Internet Chess Club"]
[Date "2018.03.28"]
[Round "2"]
[White "Balderdash"]
[Black "guyd52"]
[Result "0-1"]
[WhiteElo "1229"]
[BlackElo "1297"]
[Opening "Pirc: classical (two knights) system"]
[ECO "B06"]
[Time "19:00:46"]
[TimeControl "2700+45"]

1. e4 g6 2. d4 Bg7 3. Nf3 Nf6 4. Nc3 d6 5. Bf4 O-O 6. Bc4 h6 7. O-O Nbd7 8. Qe2
e5 9. dxe5 dxe5 10. Nxe5 Nxe5 11. Bxe5 Ng4 12. Rad1 Qh4 13. Bg3 Qg5 14. Rd5 Qe7
15. h3 Ne5 16. Bb3 Be6 17. Rb5 c6 18. Rxe5 Bxe5 19. Bxe6 Bxg3 20. Bxf7+ Rxf7 21.
fxg3 Rxf1+ 22. Qxf1 Qc5+ 23. Kh2 Rf8 24. Qe2 h5 25. e5 Qf2 26. Qc4+ Kg7 27. Ne4
Qf1 28. Qd4 Kh6 29. Qe3+ Kg7 30. e6 Qd1 31. e7 Re8 32. Qc3+ Kf7 33. Ng5+ Kxe7
34. Qg7+ Kd8 35. Qxg6 Re1 36. Nf7+ Kc7 37. g4 Rh1+ 38. Kg3 Qe1+ 39. Kf4 Rf1+ 40.
Kg5 Qe3+ 41. Kxh5 Qc5+ 42. Ng5 Rf8 43. Qg7+ Kb6 44. a4 Rf2 45. a5+ Kxa5 46. Qxb7
Rf8 47. b4+ Qxb4 48. Qxa7+ Kb5 49. Qb7+ Ka4 50. Qxc6+ Qb5 51. Qxb5+ Kxb5 52. Nh7
Rf2 53. g3 Rxc2 54. Ng5 Rc5 55. Kh4 Kc6 56. Ne6 Re5 57. Nf4 Kd7 58. g5 Ke8 59.
g4 Kf7 60. g6+ Kg7 61. g5 Re8 62. Kg4 Re1 63. h4 Rg1+ 64. Kh5 Rf1 65. Ne6+ Kg8
66. Kh6 Rh1 67. h5 Re1 68. Nf4 Re7 69. g7 Rxg7 70. g6 Re7 71. Nd5 Re6 72. Kg5
Re5+ 73. Kf6 Rxd5 74. h6 Rd6+ 75. Kf5 Rd5+ 76. Kf6 Rd6+ 77. Kf5 Rd5+ 78. Ke6 Rh5
79. h7+ Kg7 80. h8=Q+ Rxh8 81. Kf5 Rh6 82. Kg5 Rxg6+ 83. Kh5 Kf6 84. Kh4 Kf5 85.
Kh5 Rg4 86. Kh6 Rg5 87. Kh7 Rg6 88. Kh8 Kf6 89. Kh7 Kf7 {White resigns} 0-1

[Event "Team 45 45 League T76"]
[Site "Internet Chess Club"]
[Date "2018.03.31"]
[Round "2"]
[White "pita"]
[Black "J-adoube"]
[Result "1-0"]
[WhiteElo "1192"]
[BlackElo "1193"]
[Opening "King's Indian: Averbakh system"]
[ECO "E73"]
[Time "11:00:28"]
[TimeControl "2700+45"]

1. d4 Nf6 2. c4 g6 3. Nc3 Bg7 4. e4 d6 5. Be2 O-O 6. Bg5 Nbd7 7. f3 c5 8. d5 Ne5
9. f4 Neg4 10. h3 Nxe4 11. Nxe4 Ne3 12. Qd2 Bd4 13. Bd3 f6 14. Bh4 Qb6 15. Rb1
Qb4 16. g3 Bf5 17. Qxb4 cxb4 18. Nf3 Bxe4 19. Bxe4 e5 20. dxe6 Ng2+ 21. Ke2 Bc5
22. Bxb7 Rab8 23. Bc6 Rbe8 24. Bxe8 Rxe8 25. Rh2 Ne3 26. Kd3 Rxe6 27. Re1 Kf7
28. Rhe2 Ng2 29. Rxe6 {Black resigns} 1-0

[Event "Team 45 45 League T76"]
[Site "Internet Chess Club"]
[Date "2018.03.29"]
[Round "2"]
[White "Balderdash"]
[Black "SeniorCitizen"]
[Result "1-0"]
[WhiteElo "1245"]
[BlackElo "1214"]
[Opening "French: Winawer (Nimzovich) variation"]
[ECO "C15"]
[Time "14:00:18"]
[TimeControl "2700+45"]

1. e4 e6 2. d4 d5 3. Nc3 Bb4 4. a3 Bxc3+ 5. bxc3 dxe4 6. Qg4 Qf6 7. Qxe4 Qg6 8.
Qe2 c6 9. Nf3 Nd7 10. Nh4 Qf6 11. Qg4 h5 12. Qg3 g6 13. Bg5 Qg7 14. Bd3 Ne7 15.
O-O Nf5 16. Nxf5 exf5 17. Qd6 f6 18. Rfe1+ Kd8 19. Re7 Qxe7 20. Qxe7+ Kxe7 21.
Re1+ Kf7 22. Bc4+ Kf8 23. Bf4 Rh7 24. Bd6+ Kg7 25. Re7+ Kh6 26. Re8 Nb6 27. Bg8
Bd7 28. Bf8+ Kg5 29. Rxa8 Nxa8 30. Bxh7 Nc7 31. f4+ Kxf4 32. Bh6+ g5 33. Kf2 b5
34. g3+ Ke4 35. Bg6 h4 36. gxh4 gxh4 37. Bh5 Nd5 38. Bf3# {Black checkmated} 1-0

[Event "Team 45 45 League T76"]
[Site "Internet Chess Club"]
[Date "2018.04.02"]
[Round "2"]
[White "Andaluz"]
[Black "pita"]
[Result "0-1"]
[WhiteElo "1243"]
[BlackElo "1211"]
[Opening "Sicilian: Grand Prix attack"]
[ECO "B21"]
[Time "11:00:17"]
[TimeControl "2700+45"]

1. e4 c5 2. f4 d5 3. exd5 Nf6 4. Bb5+ Bd7 5. Qe2 Nxd5 6. Bxd7+ Nxd7 7. d3 Qa5+
8. Bd2 Qb6 9. b3 Qf6 10. c3 Nxf4 11. Qf3 Ne5 12. Qe3 Nxg2+ {White resigns} 0-1

[Event "Team 45 45 League T76"]
[Site "Internet Chess Club"]
[Date "2018.03.30"]
[Round "2"]
[White "tilletio"]
[Black "rgadoury"]
[Result "1/2-1/2"]
[WhiteElo "1171"]
[BlackElo "1332"]
[Opening "Queen's pawn: London system"]
[ECO "A45"]
[Time "12:08:16"]
[TimeControl "2700+45"]

1. d4 Nf6 2. Bf4 d5 3. e3 g6 4. c3 Bg7 5. Nd2 O-O 6. Ngf3 Nc6 7. Bd3 Nh5 8. Bg5
f6 9. Bh4 Qd6 10. Qc2 Kf7 11. Bg3 Nxg3 12. hxg3 Rh8 13. O-O-O Bg4 14. Rh2 e5 15.
Rdh1 e4 16. Bxe4 dxe4 17. Qxe4 Bf5 18. Qh4 h5 19. Qf4 Qxf4 20. gxf4 Be6 21. e4
Na5 22. f5 Bxa2 23. Kc2 Bc4 24. fxg6+ Kxg6 25. Nh4+ Kf7 26. Nf5 Be6 27. Rxh5
Rxh5 28. Rxh5 Bxf5 29. Rxf5 Nc6 30. Nf3 Kg8 31. Rh5 a5 32. g4 a4 33. Kb1 Ra5 34.
d5 Ne5 35. Nh4 Nxg4 36. f3 Ne3 37. Ka2 c6 38. d6 Rxh5 39. d7 Rxh4 40. d8=Q+ Kh7
41. e5 Rf4 42. Qd3+ Rf5 43. Qxe3 Rxe5 44. Qa7 b5 45. b3 axb3+ 46. Kxb3 c5 47.
Qb7 c4+ 48. Kb4 f5 49. f4 Re4 50. Kxb5 Kg6 51. Qb6+ Bf6 52. Qc5 Rxf4 53. Qg1+
Rg4 54. Qf2 Bxc3 55. Qb6+ Bf6 56. Kb4 c3+ 57. Kb3 Rg2 58. Qc5 Rb2+ 59. Kc4 Rd2
60. Qg1+ Kf7 61. Qa7+ Kg6 {Game drawn by mutual agreement} 1/2-1/2

[Event "Team 45 45 League T76"]
[Site "Internet Chess Club"]
[Date "2018.03.31"]
[Round "2"]
[White "oldbookseller"]
[Black "tasawyer81"]
[Result "0-1"]
[WhiteElo "960"]
[BlackElo "1129"]
[Opening "Queen's Pawn"]
[ECO "A41"]
[Time "14:48:02"]
[TimeControl "2700+45"]

1. d4 d6 2. Nf3 Nf6 3. e3 Nbd7 4. Bd3 e5 5. dxe5 dxe5 6. Nbd2 Be7 7. O-O c6 8.
c3 Qc7 9. Qb3 Nc5 10. Qc4 Be6 11. Ng5 Bxc4 12. Bxc4 O-O 13. Ndf3 h6 14. Bxf7+
Rxf7 15. Nxf7 Kxf7 16. Bd2 e4 17. Ne5+ Qxe5 18. g3 Nd3 19. Rad1 Rf8 20. b4 Kg8
21. a3 Ng4 22. f3 Rxf3 23. Kg2 Nxh2 24. Kxh2 Qxg3+ 25. Kh1 Nf2+ 26. Rxf2 Rxf2
{White resigns} 0-1

[Event "Team 45 45 League T76"]
[Site "Internet Chess Club"]
[Date "2018.04.01"]
[Round "2"]
[White "smsxman"]
[Black "g8wrb"]
[Result "1-0"]
[WhiteElo "1317"]
[BlackElo "1297"]
[Opening "French: exchange, Svenonius variation"]
[ECO "C00"]
[Time "13:03:24"]
[TimeControl "2700+45"]

1. e4 e6 2. Nc3 d5 3. exd5 exd5 4. d4 Nf6 5. Bg5 Be6 6. Nf3 Bd6 7. Qe2 O-O 8.
O-O-O Re8 9. Qb5 b6 10. Bxf6 gxf6 11. Qd3 Nd7 12. g3 Nf8 13. h4 Bg4 14. Bg2 Qd7
15. Nxd5 Qf5 16. Qxf5 Bxf5 17. Nxf6+ Kg7 18. Nxe8+ Rxe8 19. Rhe1 Rd8 20. Ng5 Bb4
21. c3 Bd6 22. Be4 Bxe4 23. Nxe4 {Black resigns} 1-0

[Event "Team 45 45 League T76"]
[Site "Internet Chess Club"]
[Date "2018.03.31"]
[Round "2"]
[White "guyd52"]
[Black "rkjulianjr"]
[Result "0-1"]
[WhiteElo "1280"]
[BlackElo "1295"]
[Opening "Réti: King's Indian attack, Keres variation"]
[ECO "A07"]
[Time "19:00:36"]
[TimeControl "2700+45"]

1. Nf3 d5 2. g3 Bg4 3. Bg2 Nd7 4. d3 c6 5. O-O Ngf6 6. Nbd2 e5 7. Qe1 Bc5 8. e4
O-O 9. a3 a5 10. Nb3 dxe4 11. dxe4 Bb6 12. Ng5 h6 13. Nh3 Nc5 14. Nxc5 Bxc5 15.
Kh1 Qc7 16. Be3 Qb6 17. Bxc5 Qxc5 18. c3 Rfd8 19. f3 Be6 20. Qf2 Qb5 21. Rfd1
Rd3 22. Bf1 Rad8 23. Bxd3 Rxd3 24. Rxd3 Qxd3 25. Qf1 Qxf1+ 26. Rxf1 Bxh3 27. Rd1
Bd7 28. Kg2 Kf8 29. h4 Ke7 30. g4 Ne8 31. Kg3 Nd6 32. Re1 Nc4 33. Re2 c5 34. h5
Bb5 35. Kf2 Ke6 36. Kg3 b6 37. Kf2 Nxa3 38. Rd2 Nc4 39. Rd8 Nxb2 40. Rg8 Nd1+
41. Kg3 Kf6 42. Rb8 Nxc3 43. Rxb6+ Ke7 44. Rb7+ Bd7 45. Rb3 Nb5 46. Rb2 a4 47.
Rd2 Nd4 48. Kh4 Nxf3+ {White resigns} 0-1

[Event "Team 45 45 League T76"]
[Site "Internet Chess Club"]
[Date "2018.03.29"]
[Round "2"]
[White "oldprez1"]
[Black "rhayder"]
[Result "1-0"]
[WhiteElo "1296"]
[BlackElo "1231"]
[Opening "King's Indian: fianchetto, Yugoslav, 7.O-O"]
[ECO "E65"]
[Time "18:14:51"]
[TimeControl "2700+45"]

1. c4 Nf6 2. Nc3 g6 3. g3 Bg7 4. Bg2 O-O 5. d4 d6 6. Nf3 c5 7. O-O cxd4 8. Qxd4
Nfd7 9. Qd1 Nc5 10. e3 Bd7 11. Rb1 Bc6 12. Nd5 e6 13. b4 Na4 14. b5 Bxd5 15.
Qxa4 Be4 16. Rb4 Bc3 17. Rb3 Bc2 18. Qa3 Bxb3 19. Qxb3 Qa5 20. Nd4 Nd7 21. Qc2
Nc5 22. Nb3 Nxb3 23. Qxb3 Rab8 24. Ba3 Be5 25. f4 Bg7 26. Bxd6 Rbd8 27. Bxf8
Bxf8 28. Bxb7 Bc5 29. Kg2 Rd2+ 30. Rf2 Bxe3 31. Qxe3 {Black resigns} 1-0

[Event "Team 45 45 League T76"]
[Site "Internet Chess Club"]
[Date "2018.04.02"]
[Round "2"]
[White "Graybeard"]
[Black "vedv"]
[Result "0-1"]
[WhiteElo "1034"]
[BlackElo "994"]
[Opening "Giuoco Piano"]
[ECO "C44"]
[Time "19:00:37"]
[TimeControl "2700+45"]

1. e4 e5 2. Nf3 Nc6 3. d4 exd4 4. Bc4 Bc5 5. c3 Nf6 6. cxd4 Bb4+ 7. Bd2 Bxd2+ 8.
Nbxd2 O-O 9. d5 Ne7 10. e5 Nfxd5 11. Qb3 c6 12. Ne4 b5 13. Bd3 a5 14. a4 b4 15.
O-O Nf5 16. Rfe1 d6 17. exd6 Nxd6 18. Rac1 Nxe4 19. Bxe4 Nf4 20. Rcd1 Qf6 21.
Rc1 Bb7 22. Qc2 g6 23. Bxc6 Bxc6 24. Qxc6 Qxb2 25. Qc2 Qxc2 26. Rxc2 Nd3 27.
Ree2 Nf4 28. Re3 Nd5 29. Rd3 Nf4 30. Rd4 Ne6 31. Rdc4 Rad8 32. h3 b3 33. Rb2 Rd3
34. Rd2 Rxd2 35. Nxd2 Rb8 36. Nb1 b2 37. Kf1 Kg7 38. Ke1 Kf6 39. Kd2 Ke5 40. Rc3
Nd4 41. Rc5+ Ke4 42. f3+ Kf4 43. Rc4 Ke5 44. Kd3 Nf5 45. Rc5+ Kf6 46. Rxa5 Ng3
47. Ra6+ Kg7 48. Kc2 Nf1 49. Rc6 Ne3+ 50. Kd2 Nd5 51. Rc5 Nb6 52. Rb5 Kf6 53.
Kc2 Ke6 54. Kxb2 Nxa4+ 55. Ka3 Rxb5 56. Kxa4 Rxb1 57. g4 Rh1 58. Kb4 Rxh3 59. f4
Rf3 60. Kc5 Rxf4 61. Kc6 Rxg4 62. Kc7 h5 63. Kd8 h4 64. Ke8 h3 {White resigns}
0-1